 Dungeon Crawl Stone Soup version 0.23-a0-635-g88ca12a (webtiles) character file.

10866 TheGoonsmith the Cleaver (level 11, -26/148 HPs)
             Began as a Minotaur Berserker on Dec 27, 2018.
             Was an Elder of Trog.
             Annihilated by an orc knight
             ... wielding a +0 glaive
              (39 damage)
             ... in a bailey.
             The game lasted 00:16:44 (9090 turns).

TheGoonsmith the Cleaver (Minotaur Berserker)       Turns: 9090, Time: 00:16:45

Health: -26/148    AC: 18    Str: 26    XL:     11   Next: 41%
Magic:  10/10      EV: 10    Int:  4    God:    Trog [****..]
Gold:   696        SH:  0    Dex: 14    Spells: 10/10 levels left

rFire    . . .     SeeInvis .   a - +1 war axe (freeze)
rCold    . . .     Gourm    .   (no shield)
rNeg     . . .     Faith    .   n - +0 plate armour
rPois    +         Spirit   .   (helmet restricted)
rElec    .         Reflect  .   M - +0 cloak
rCorr    .         Harm     .   m - +1 pair of gloves
MR       ++...                  (no boots)
Stlth    ..........             (no amulet)
HPRegen  1.34/turn              l - ring of poison resistance
MPRegen  0.12/turn              (no ring)

@: berserking, regenerating, very quick
A: retaliatory headbutt, horns 2
a: Berserk, Trog's Hand, Brothers in Arms, Renounce Religion


You were in a bailey.
You worshipped Trog.
Trog was greatly pleased with you.
You were very hungry.

You visited 1 branch of the dungeon, and saw 10 of its levels.
You also visited: Ossuary and Bailey.

You collected 696 gold pieces.

Inventory:

Hand Weapons
 a - a +1 war axe of freezing (weapon)
 b - a +0 shortbow
 r - a +0 hand axe
 F - a +1 hand axe of flaming
Missiles
 v - 107 arrows
Armour
 j - a +0 scale mail
 m - a +1 pair of gloves (worn)
 n - a +0 plate armour (worn)
 z - a scarf of spirit shield
 A - a +0 animal skin
 M - a +0 cloak (worn)
Jewellery
 l - a ring of poison resistance (left hand)
Wands
 y - a wand of paralysis (9)
 C - a wand of random effects (5)
 E - a wand of iceblast (5)
 I - a wand of flame (10)
Scrolls
 e - 8 scrolls of remove curse
 g - 8 scrolls of teleportation
 p - 3 scrolls of enchant armour
 s - 5 scrolls of blinking
 t - a scroll of fear
 w - 5 scrolls of identify
 x - a scroll of acquirement {unknown}
 D - a scroll of enchant weapon
Potions
 d - a potion of ambrosia
 f - 3 potions of degeneration {unknown}
 h - 2 potions of flight
 i - 3 potions of might
 k - 8 potions of heal wounds
 o - 4 potions of curing {unknown}
 q - 7 potions of berserk rage
 u - 3 potions of lignification {unknown}
 B - a potion of agility
 G - 3 potions of haste
 H - a potion of invisibility
 K - a potion of brilliance {unknown}
Comestibles
 c - 18 rations


   Skills:
 - Level 10.0 Fighting
 * Level 13.9 Axes
 + Level 6.9 Bows
 - Level 10.0 Armour
 - Level 6.0 Dodging


You had 10 spell levels left.
You didn't know any spells.
Your spell library was empty.

Dungeon Overview and Level Annotations

Branches:
Dungeon (10/15)            Temple (0/1) D:7            Lair (0/6) D:8
    Orc: D:9-12

Altars:
Nemelex Xobeh
Qazlal
Trog
Uskayaw
Vehumet
Yredelemnul
The Shining One

Annotations:
D:10 1 transporter, Faust's ghost, novice DEWz


Innate Abilities, Weirdness & Mutations

You reflexively headbutt those who attack you in melee.
You have a pair of horns on your head.


Message History

The orc closely misses you.
The orc knight hits you from afar with a +0 glaive!
The orc barely misses your ogre. The orc knight barely misses you.
You closely miss the orc knight. Your headbutt misses the orc knight.
The orc knight is moderately wounded.
Your ogre hits the orc with a +0 giant club!
The orc dies!
Trog accepts your kill.
The orc knight hits you from afar with a +0 bardiche!!
The orc knight hits you from afar with a +0 halberd!!
The orc hits you but does no damage.
You are too injured to fight recklessly!
You slash the orc knight! You freeze the orc knight.
Your headbutt misses the orc knight.
The orc knight is heavily wounded.
The orc knight hits you from afar with a +0 glaive!!!
* * * LOW HITPOINT WARNING * * *
Unknown command.
The orc knight hits you from afar with a +0 glaive!!!
You die...

###### #######
##.....#########.....##
+....o..#.....#....)..###
+....oo)'.....'...))).#..
+...ooO)@.....'...))).'..
+....o).'.....'...))).#..
+.....).#.....#.......###
##.....#########.....##
###### #######


You could see 4 orc knights, 2 orcs and a friendly ogre (berserk).

Vanquished Creatures
  A hydra (D:8)
  2 two-headed ogres
  A death yak (D:10)
  Joseph (D:9)
  A polar bear (D:10)
  A hornet (D:7)
  A hippogriff (D:9)
  2 dream sheep (D:8)
  Grinder (D:5)
  Sigmund (D:4)
  5 yaks (D:8)
  Edmund (D:5)
  A water moccasin (D:10)
  Duvessa (D:4)
  6 orc warriors
  A black bear (D:9)
  4 sky beasts
  3 ice beasts
  3 ogres
  2 centaurs
  Blork the orc (D:5)
  2 elf zombies (Ossuary)
  4 big kobolds (D:8)
  6 bullfrogs
  A wyvern zombie (D:8)
  Dowan (D:4)
  3 scorpions
  13 killer bees (D:9)
  5 howler monkeys
  An electric eel (D:10)
  A human zombie (Ossuary)
  A jelly (D:9)
  4 orc priests
  5 hounds
  2 iguanas
  9 orc wizards
  A worker ant (D:4)
  2 big kobold zombies (Ossuary)
  2 hound zombies
  4 mummies (Ossuary)
  Robin (D:3)
  2 worker ant zombies
  6 gnolls
  11 adders
  2 shadow imps (D:9)
  A white imp (D:10)
  A worker ant simulacrum (D:10)
  2 ufetubi (D:10)
  An ooze (D:6)
  An adder zombie (D:6)
  An adder skeleton (D:8)
  2 dart slugs (D:2)
  3 leopard geckos
  54 orcs
  4 bats
  5 giant cockroaches
  21 goblins
  11 hobgoblins
  8 jackals
  3 quokkas
  A ball python (D:2)
  A ball python zombie (D:5)
  5 frilled lizards
  A gnoll zombie (Ossuary)
  A goblin zombie (D:4)
  18 kobolds
  A kobold zombie (Ossuary)
  4 orc zombies (Ossuary)
  2 rats (D:1)
  A rat zombie (D:4)
282 creatures vanquished.

Vanquished Creatures (collateral kills)
  Urug (D:10)
  3 yaks (D:10)
  2 ice beasts (D:10)
  2 gnolls (D:10)
  2 orcs (Bailey)
10 creatures vanquished.

Vanquished Creatures (others)
  A bush (D:6)
1 creature vanquished.

Grand Total: 293 creatures vanquished

Notes
Turn   | Place    | Note
-------+----------+-------------------------------------------
     0 | D:1      | TheGoonsmith the Minotaur Berserker began the quest for the
                  | Orb.
     0 | D:1      | Reached XP level 1. HP: 19/19 MP: 0/0
    16 | D:1      | Reached skill level 4 in Axes
    16 | D:1      | Reached XP level 2. HP: 9/27 MP: 1/1
   548 | D:1      | Reached XP level 3. HP: 28/33 MP: 2/2
   809 | D:2      | Reached ** piety under Trog
  1200 | D:2      | Reached XP level 4. HP: 39/40 MP: 3/3
  1486 | D:3      | Noticed Robin
  1498 | D:3      | Killed Robin
  1503 | D:3      | Reached skill level 5 in Axes
  1739 | D:3      | Noticed an ice beast
  1749 | D:3      | Killed an ice beast
  1749 | D:3      | Reached XP level 5. HP: 47/47 MP: 4/4
  2076 | D:4      | Noticed Sigmund
  2083 | D:4      | Killed Sigmund
  2083 | D:4      | Reached skill level 5 in Fighting
  2083 | D:4      | Reached skill level 6 in Axes
  2083 | D:4      | Reached XP level 6. HP: 56/56 MP: 5/5
  2120 | D:4      | Found a stormy altar of Qazlal.
  2268 | D:4      | Found a sand-covered staircase.
  2281 | Ossuary  | Entered an ossuary
  2289 | Ossuary  | Reached *** piety under Trog
  2299 | Ossuary  | Reached XP level 7. HP: 61/61 MP: 6/6
  2301 | Ossuary  | Reached skill level 7 in Axes
  2402 | Ossuary  | Reached skill level 5 in Armour
  2803 | D:4      | Found a sparkling altar of Nemelex Xobeh.
  2972 | D:4      | Found a bloodstained altar of Trog.
  3009 | D:4      | Noticed Duvessa
  3009 | D:4      | Noticed Dowan
  3019 | D:4      | Killed Duvessa
  3039 | D:4      | Killed Dowan
  3336 | D:5      | Entered Level 5 of the Dungeon
  3337 | D:5      | Noticed Edmund
  3349 | D:5      | Killed Edmund
  3349 | D:5      | Reached skill level 8 in Axes
  3349 | D:5      | Reached XP level 8. HP: 66/70 MP: 7/7
  3360 | D:5      | Reached skill level 5 in Dodging
  3484 | D:5      | Noticed Blork the orc
  3495 | D:5      | Killed Blork the orc
  3610 | D:5      | Reached **** piety under Trog
  3733 | D:5      | Noticed Grinder
  3739 | D:5      | Paralysed by Grinder for 6 turns
  3752 | D:5      | Killed Grinder
  3752 | D:5      | Reached skill level 9 in Axes
  4409 | D:6      | Found a sparkling altar of Nemelex Xobeh.
  5024 | D:6      | Reached XP level 9. HP: 49/79 MP: 8/8
  5249 | D:6      | Found a radiant altar of Vehumet.
  5494 | D:7      | Reached skill level 1 in Bows
  5498 | D:7      | Reached skill level 10 in Axes
  5654 | D:7      | Paralysed by a hornet for 2 turns
  5728 | D:7      | Found a staircase to the Ecumenical Temple.
  6147 | D:8      | Reached skill level 11 in Axes
  6214 | D:8      | Noticed a three-headed hydra
  6223 | D:8      | Killed a one-headed hydra
  6223 | D:8      | Reached XP level 10. HP: 83/90 MP: 9/9
  6664 | D:8      | Found a staircase to the Lair.
  6739 | D:8      | Found a glowing golden altar of the Shining One.
  6748 | D:8      | Found a basalt altar of Yredelemnul.
  6842 | D:8      | Reached ***** piety under Trog
  7119 | D:8      | Noticed an angel
  7251 | D:9      | Reached skill level 12 in Axes
  7269 | D:9      | Received a gift from Trog
  7349 | D:9      | Found a hide-covered altar of Uskayaw.
  7362 | D:9      | Reached skill level 5 in Bows
  7376 | D:9      | Noticed Joseph
  7387 | D:9      | Killed Joseph
  8283 | D:9      | Noticed a two-headed ogre
  8292 | D:9      | Killed a two-headed ogre
  8417 | D:10     | Entered Level 10 of the Dungeon
  8418 | D:10     | Noticed Urug
  8425 | D:10     | Received a gift from Trog
  8433 | D:10     | Killed Urug
  8433 | D:10     | Reached XP level 11. HP: 99/99 MP: 6/10
  8436 | D:10     | Reached skill level 13 in Axes
  8451 | D:10     | Reached skill level 10 in Fighting
  8547 | D:10     | Found a transporter.
  8549 | D:10     | Noticed Faust's ghost (novice DEWz)
  8556 | D:10     | Noticed a death yak
  8569 | D:10     | Killed a death yak
  8612 | D:10     | Found a flagged portal.
  8625 | D:10     | Reached skill level 10 in Armour
  8625 | D:10     | Noticed a two-headed ogre
  8640 | D:10     | Killed a two-headed ogre
  8766 | Bailey   | Entered a bailey
  8980 | Bailey   | Received a gift from Trog
  9077 | Bailey   | Noticed an orc knight
  9078 | Bailey   | Noticed an orc knight
  9078 | Bailey   | Noticed an orc knight
  9078 | Bailey   | Noticed an orc knight
  9090 | Bailey   | Annihilated by an orc knight

Vault maps used:
D:1:      eino_arrival_water_cross
D:2:      first_ration
D:3:      uniq_robin
D:4:      nicolae_overflow_crystal_walls, nemelex_xobeh_ov_fountains_minmay,
          enter_ossuary_4, trog_book, uniq_duvessa, uniq_sigmund
D:5:      uniq_grinder, uniq_edmund, uniq_blork_the_orc
D:6:      lemuel_coloured_pillars_altar, kb_lookout_dungeons_type,
          nemelex_spade_bored_becter
D:7:      minmay_temple_entry_gardened_gates
D:8:      grunt_temple_overflow_holy_war, lair_entry_dummy,
          minmay_misc_feat_more_columns, hangedman_ranch
D:9:      lemuel_crystal_altar, minmay_sticks_and_stones
D:10:     gammafunk_ghost_mausoleum, enter_bailey_2, serial_ice, serial_ice_g,
          serial_ice_c, serial_ice_d, serial_ice_k, serial_ice_f, serial_ice_a,
          serial_ice_e, serial_ice_b, uniq_urug, uniq_nergalle
Ossuary:  ossuary_minmay_tomb_2a
Bailey:   bailey_polearm_5, bailey

Skill      XL: |  1  2  3  4  5  6  7  8  9 10 11 |
---------------+----------------------------------+-----
Axes           | 4 5 6 8 9 11 12 13 | 13.9
Fighting       | 4 5 6 7 8 9 10 | 10.0
Armour         | 3 4 5 6 8 9 10 | 10.0
Dodging        | 3 4 6 |  6.0
Bows           | 3 5 6 |  6.9

Action                   |  1- 3 |  4- 6 |  7- 9 | 10-12 || total
-------------------------+-------+-------+-------+-------++-------
Melee: Hand axe          |    87 |    46 |     8 |     2 ||   143
       Headbutt          |    12 |    15 |    65 |    54 ||   146
       War axe           |       |    35 |   236 |   274 ||   545
 Fire: Shortbow          |       |       |    38 |    46 ||    84
Invok: Berserk           |     1 |     3 |     2 |     6 ||    12
       Trog's Hand       |       |       |       |     6 ||     6
       Brothers in Arms  |       |       |       |     2 ||     2
  Use: Scroll            |       |     5 |     7 |     4 ||    16
  Eat: Chunk             |     1 |     5 |    10 |    13 ||    29
       Ration            |       |     1 |     1 |     1 ||     3
Armor: Animal skin       |     3 |       |       |       ||     3
       Scale mail        |    27 |     3 |       |       ||    30
       Plate armour      |       |    59 |   139 |   201 ||   399
Dodge: Dodged            |    52 |    30 |   112 |   221 ||   415

Table legend:
 A = Non-vault XP
 B = Vault XP
 C = Vault XP percentage of total XP
 D = Non-vault monster count
 E = Vault monster count
 F = Vault count percentage of total count
                 A         B        C        D         E       F
            +---------+---------+-------+---------+---------+-------
      Total |    8219 |    7304 |  47.1 |     204 |      88 |  30.1
            +---------+---------+-------+---------+---------+-------
        D:1 |      52 |       0 |   0.0 |      25 |       0 |   0.0
        D:2 |      56 |       0 |   0.0 |      19 |       0 |   0.0
        D:3 |     172 |      35 |  16.9 |      12 |      11 |  47.8
        D:4 |     134 |     456 |  77.3 |      13 |       5 |  27.8
        D:5 |     725 |     522 |  41.9 |      31 |       3 |   8.8
        D:6 |     241 |     108 |  30.9 |      10 |       1 |   9.1
        D:7 |     806 |       0 |   0.0 |      12 |       0 |   0.0
        D:8 |     993 |    2214 |  69.0 |      21 |       8 |  27.6
        D:9 |    3221 |     434 |  11.9 |      38 |       1 |   2.6
       D:10 |    1819 |    2546 |  58.3 |      23 |      13 |  36.1
    Ossuary |       0 |     388 | 100.0 |       0 |      16 | 100.0
     Bailey |       0 |     601 | 100.0 |       0 |      30 | 100.0
            +---------+---------+-------+---------+---------+-------
